 Dungeon Crawl Stone Soup version 0.31-a0-152-g6aa68a64a1 (webtiles) character file.

Game seed: 10640563103965051555

95 qw the Shooter (level 4, -3/38 HPs)
             Began as a Minotaur Hunter on June 9, 2023.
             Slain by Ijyb
             ... wielding a +0 club
              (6 damage)
             ... on level 3 of the Dungeon.
             The game lasted 00:00:41 (2062 turns).

qw the Shooter (Minotaur Hunter)                    Turns: 2062, Time: 00:00:41

Health: -3/38      AC:  3    Str: 15 (16) XL:     4   Next: 40%
Magic:  3/3        EV: 11    Int:  3 (6)  God:
Gold:   70         SH:  0    Dex: 13 (15) Spells: 3/3 levels left

rFire   . . .        Y - +1 shortbow
rCold   . . .        (shield currently unavailable)
rNeg    . . .        f - +0 ring mail
rPois   .            (helmet restricted)
rElec   .            (no cloak)
rCorr   .            (no gloves)
SInv    .            d - +1 pair of boots
Will    .....        (no amulet)
Stlth   +            (no ring)
HPRegen 0.26/turn    (no ring)
MPRegen 0.08/turn

%: no passive effects
@: corroded
A: horns 2, retaliatory headbutt
a: no special abilities


You were on level 3 of the Dungeon.
You visited 1 branch of the dungeon, and saw 3 of its levels.

You collected 70 gold pieces.


Innate Abilities, Weirdness & Mutations

You have a pair of horns on your head.
You reflexively headbutt those who attack you in melee.


   Skills:
 + Level 3.0 Fighting
 - Level 6.0 Ranged Weapons
 - Level 1.3 Armour
 - Level 2.1 Dodging
 - Level 0.7 Stealth


You had 3 spell levels left.
You didn't know any spells.
Your spell library was empty.

Inventory:

Hand Weapons
 Y - a +1 shortbow (weapon)
Armour
 d - a +1 pair of boots (worn)
 f - a +0 ring mail (worn)
Scrolls
 a - a scroll of identify
Potions
 h - a potion of attraction {unknown}
 i - a potion of might {unknown}

Dungeon Overview and Level Annotations

Branches:
Dungeon (3/15)

Altars:

Shops:
D:1 (

Annotations:
D:3 Ijyb


Message History

You headbutt the adder!
You kill the adder!
Your Armour skill increases to level 1!
There is a stone staircase leading up here.
A rat comes into view.
Found a stone staircase leading down.
You shoot an arrow. The arrow hits the rat!
You kill the rat!
Found a stone staircase leading down.
Ijyb the Twisted Goblin comes into view.
She is wielding a +0 club and carrying a wand of acid (15).
Ijyb shouts!
Enter note:
Enter note: You shoot an arrow.
The arrow hits Ijyb.
Ijyb is lightly wounded.
Ijyb screams, "Me stronger than you!"
You shoot an arrow. The arrow completely misses Ijyb.
You shoot an arrow. The arrow completely misses Ijyb.
You shoot an arrow. The arrow hits Ijyb but does no damage.
Ijyb is lightly wounded.
Ijyb zaps a wand.
The bolt of acid hits you!
You shoot an arrow. The arrow closely misses Ijyb.
You shoot an arrow. The arrow closely misses Ijyb.
Ijyb completely misses you.
You shoot an arrow. The arrow hits Ijyb but does no damage.
Ijyb is lightly wounded.
Ijyb zaps a wand.
The bolt of acid hits you!
You shoot an arrow. The arrow hits Ijyb.
Ijyb is moderately wounded.
Ijyb closely misses you.
You shoot an arrow. The arrow hits Ijyb but does no damage.
Ijyb is moderately wounded.
Ijyb zaps a wand.
The bolt of acid hits you!
Ijyb zaps a wand.
The bolt of acid hits you! The acid corrodes you!
You shoot an arrow. The arrow hits Ijyb but does no damage.
Ijyb is moderately wounded.
Ijyb hits you with a +0 club.
You shoot an arrow. The arrow closely misses Ijyb.
Ijyb hits you with a +0 club.
You die...

##...##.
#......
#......
#......
#....#
#######
#....#
#.....# ####
#...g#
#.###.# #...
#@# #.#...#
#.## #.#
#.#.######.#
#.#
##..........#
#.#
#....########
#.###.####
#.....#
#######


You could see Ijyb.

Vanquished Creatures
  An adder (D:3)
  3 gnolls (D:2)
  3 dart slugs
  7 ball pythons
  4 endoplasms
  3 giant cockroaches
  5 goblins
  5 hobgoblins
  5 quokkas
  3 bats
  2 frilled lizards (D:2)
  4 kobolds (D:1)
  7 rats
52 creatures vanquished.

Notes
Turn   | Place    | Note
-------+----------+-------------------------------------------
     0 | D:1      | qw the Minotaur Hunter began the quest for the Orb.
     0 | D:1      | Reached XP level 1. HP: 18/18 MP: 0/0
     0 | D:1      | 0 ||| qw: Version: 0.2-a-121-gba3a3e5
     0 | D:1      | 0 ||| qw: Game counter: 3217
     0 | D:1      | 0 ||| qw: Always use a shield: true
     0 | D:1      | 0 ||| qw: God list: Okawaru
     0 | D:1      | 0 ||| qw: Allow faded altars: false
     0 | D:1      | 0 ||| qw: Do Orc after D:15 true
     0 | D:1      | 0 ||| qw: Do second Lair branch before Depths: true
     0 | D:1      | 0 ||| qw: Lair rune preference: random
     0 | D:1      | 0 ||| qw: Plans: Normal
     0 | D:1      | 0 ||| PLANNING D:1-11
    30 | D:1      | Reached XP level 2. HP: 25/25 MP: 1/1
    44 | D:1      | Reached skill level 5 in Ranged Weapons
   225 | D:1      | Reached skill level 3 in Fighting
   227 | D:1      | Found Uwir's Weapon Boutique.
   242 | D:1      | 242 ||| SHOPLISTING +5 sling "Pigav" {freeze, +Blink Will+}
                  | (473 gold, have 0).
   415 | D:1      | Reached XP level 3. HP: 31/31 MP: 2/2
   815 | D:1      | 815 ||| UPGRADING to +1 pair of boots.
   820 | D:1      | 820 ||| DROPPING amulet of magic regeneration.
   821 | D:1      | 821 ||| READING 2 scrolls labelled UFIURE GYDDEE.
   822 | D:1      | 822 ||| READING scroll labelled MYN HYIKKE EHE.
   823 | D:1      | 823 ||| READING scroll labelled MOFEIPI NAPRU.
   824 | D:1      | 824 ||| DROPPING scroll of butterflies.
   892 | D:2      | 892 ||| FLEEEEING.
   893 | D:2      | 893 ||| FLEEEEING.
   896 | D:2      | 896 ||| STAIRDANCE
  1399 | D:2      | 1399 ||| Stepping ~*~*~tactically~*~*~ (outnumbered).
  1408 | D:2      | HP: 4/31 [gnoll/+0 spear (5)]
  1411 | D:2      | Reached skill level 6 in Ranged Weapons
  1411 | D:2      | Reached XP level 4. HP: 6/38 MP: 3/3
  1766 | D:2      | 1766 ||| Stepping ~*~*~tactically~*~*~ (water).
  1771 | D:2      | 1771 ||| FLEEEEING.
  1772 | D:2      | 1772 ||| FLEEEEING.
  1773 | D:2      | 1773 ||| FLEEEEING.
  1774 | D:2      | 1774 ||| FLEEEEING.
  1775 | D:2      | 1775 ||| FLEEEEING.
  1881 | D:2      | 1881 ||| UPGRADING to +0 ring mail.
  1891 | D:2      | 1891 ||| DROPPING +0 leather armour.
  1892 | D:2      | 1892 ||| READING scroll labelled RAIRIO VAYLL.
  1893 | D:2      | 1893 ||| DRINKING 2 orange potions.
  1894 | D:2      | 1894 ||| READING 2 scrolls of identify.
  1894 | D:2      | 1894 ||| IDENTIFYING grey potion
  1895 | D:2      | 1895 ||| DROPPING potion of enlightenment.
  1896 | D:2      | 1896 ||| DROPPING potion of degeneration.
  1936 | D:3      | Reached skill level 1 in Armour
  2051 | D:3      | Noticed Ijyb
  2060 | D:3      | HP: 5/38 [Ijyb/bolt of acid (10)]
  2062 | D:3      | Slain by Ijyb

Levels and vault maps discovered:
D:1:      dreamdust_arrival_sigmund_warning, layout_basic, serial_shops,
          nicolae_shop_bloodbath_and_beyond, kennysheep_minor_cross,
          grunt_decor_clamped
D:2:      layout_basic, dk_noncrumbling_3, chequers_serial_rivers_small_3
D:3:      layout_basic, regret_index_temple_of_mockery, uniq_ijyb

Skill      XL: |  1  2  3  4 |
---------------+-------------+-----
Ranged Weapons | 5 6 |  6.0
Fighting       | 3 |  3.0
Armour         | 1 |  1.3
Dodging        | |  2.1
Stealth        | |  0.7

Action                     |  1- 3 |  4- 6 || total
---------------------------+-------+-------++-------
   Fire: Shortbow          |   103 |    29 ||   132
    Use: Scroll            |     3 |     2 ||     5
         Potion            |       |     1 ||     1
 Armour: Leather armour    |    10 |       ||    10
         Ring mail         |       |     2 ||     2
  Dodge: Dodged            |    23 |     3 ||    26

Table legend:
 A = Non-vault XP
 B = Vault XP
 C = Vault XP percentage of total XP
 D = Non-vault monster count
 E = Vault monster count
 F = Vault count percentage of total count
                 A         B        C        D         E       F
            +---------+---------+-------+---------+---------+-------
      Total |     137 |       0 |   0.0 |      52 |       0 |   0.0
            +---------+---------+-------+---------+---------+-------
        D:1 |      50 |       0 |   0.0 |      29 |       0 |   0.0
        D:2 |      72 |       0 |   0.0 |      21 |       0 |   0.0
        D:3 |      15 |       0 |   0.0 |       2 |       0 |   0.0
            +---------+---------+-------+---------+---------+-------
